 Dungeon Crawl Stone Soup version 0.28.0-45-g0d030f2227 (webtiles) character file.

Game seed: 12866054821376731099

54607 sumwun the Basher (level 14, -2/183 HPs)
             Began as a Hill Orc Fighter on May 2, 2022.
             Was a High Priest of Beogh.
             Killed from afar by Aizul (3 damage)
             ... with a bolt of poison
             ... on level 1 of the Elven Halls on May 3, 2022.
             The game lasted 04:11:43 (23749 turns).

sumwun the Basher (Hill Orc Fighter)               Turns: 23749, Time: 04:11:44

Health: -2/183     AC: 31    Str: 26    XL:     14   Next: 73%
Magic:  0/16       EV:  2    Int:  8    God:    Beogh [*****.]
Gold:   1071       SH: 17    Dex: 10    Spells: 13/13 levels left

rFire   . . .      SeeInvis .   a - +10 mace "Yfiso" {vorpal, rElec Str+2}
rCold   . . .      Faith    .   c - +2 tower shield
rNeg    . . .      Spirit   +   (armour currently unavailable)
rPois   +          Reflect  .   (helmet currently unavailable)
rElec   +          Harm     .   (cloak currently unavailable)
rCorr   .          Rampage  .   (gloves currently unavailable)
Will    +....      NoTele   +   (boots currently unavailable)
Stlth   +.........              R - amulet of guardian spirit
HPRegen 0.40/turn               K - +4 ring of protection
MPRegen 0.15/turn               Z - +4 ring of slaying

@: tree-form
A: stationary, stasis, torment immunity, boosted hp, walk on water, (fangs 1)
a: Renounce Religion, Smiting, Recall Orcish Followers, Give Item to Named
Follower


You were on level 1 of the Elven Halls.
You worshipped Beogh.
Beogh was extremely pleased with you.
You were a tree.
You visited 3 branches of the dungeon, and saw 18 of its levels.
You also visited: Ossuary and Bailey.

You collected 2373 gold pieces.
You spent 1302 gold pieces at shops.

Inventory:

Hand Weapons
 a - the +10 mace "Yfiso" (weapon) {vorpal, rElec Str+2}
   (You took it off a hobgoblin on level 4 of the Dungeon)

   It inflicts extra damage upon your enemies.
   Str:       It affects your strength (+2).
   rElec:     It insulates you from electricity.
 r - a +2 vorpal long sword
Missiles
 i - 2 throwing nets
 A - 43 poisoned darts (quivered)
 Q - 7 javelins
 W - 18 boomerangs
 X - 3 curare-tipped darts
 Y - 8 atropa-tipped darts
Armour
 c - a +2 tower shield (worn)
 h - a +1 plate armour (melded)
 j - a +2 pair of gloves of stealth (melded)
 w - a +0 cloak (melded)
 F - the +2 scale mail of Claustrophobia {rPois}
   (You found it on level 4 of the Dungeon)

   rPois:     It protects you from poison.
 J - a +2 hat (melded)
Jewellery
 k - a ring of flight
 s - a ring of protection from cold
 K - a +4 ring of protection (left branch)
 N - a ring of fire
 R - an amulet of guardian spirit (around neck)
 S - a +4 ring of evasion
 Z - a +4 ring of slaying (right branch)
Wands
 d - a wand of mindburst (11)
 l - a wand of iceblast (4)
 o - a wand of charming (7)
 v - a wand of paralysis (13)
 y - a wand of flame (42)
 D - a wand of digging (3)
Scrolls
 e - a scroll of vulnerability
 f - 2 scrolls of fog
 n - 3 scrolls of teleportation
 p - a scroll of fear
 q - 7 scrolls of enchant weapon
 z - a scroll of torment
 B - 4 scrolls of holy word
 C - 4 scrolls of magic mapping
 G - 3 scrolls of enchant armour
 P - 4 scrolls of immolation
 T - a scroll of summoning
 U - a scroll of blinking
Potions
 b - 2 potions of mutation
 g - 3 potions of magic
 t - 2 potions of brilliance {unknown}
 E - a potion of might
 H - 5 potions of curing
 L - 4 potions of invisibility
 M - 3 potions of resistance
 O - 2 potions of berserk rage {unknown}
 V - 2 potions of haste {unknown}
Miscellaneous
 u - a tin of tremorstones (2/2)
 x - a piece from Xom's chessboard (15/15)


   Skills:
 + Level 10.5 Fighting
 - Level 5.0(11.6) Axes
 - Level 13.7(14.0) Maces & Flails
 + Level 12.2 Throwing
 + Level 12.8 Armour
 + Level 4.7 Dodging
 + Level 10.2 Shields
 + Level 3.3 Invocations
 + Level 1.5 Evocations


You had 13 spell levels left.
You didn't know any spells.
Your spell library contained the following spells:

 Spells                   Type           Power      Damage    Failure   Level
 Beastly Appendage        Tmut           0%         N/A       95%         1
 Foxfire                  Conj/Fire      0%         2x1d4     95%         1
 Magic Dart               Conj           0%         1d3       95%         1
 Corpse Rot               Necr/Air       0%         N/A       99%         2
 Ensorcelled Hibernation  Hex/Ice        0%         N/A       99%         2
 Poisonous Vapours        Pois/Air       0%         N/A       99%         2
 Searing Ray              Conj           0%         2d4       99%         2
 Sublimation of Blood     Necr           0%         N/A       99%         2
 Wereblood                Tmut           0%         N/A       99%         2
 Conjure Flame            Conj/Fire      0%         6-21      100%        3
 Dazzling Flash           Conj/Hex       0%         N/A       100%        3
 Inner Flame              Hex/Fire       0%         N/A       100%        3
 Spider Form              Tmut/Pois      0%         N/A       100%        3
 Tukima's Dance           Hex            0%         N/A       100%        3
 Anguish                  Hex/Necr       0%         N/A       100%        4
 Flame Wave               Conj/Fire      0%         2d4       100%        4
 Fulminant Prism          Conj/Hex       0%         3d6       100%        4
 Petrify                  Tmut/Erth      0%         N/A       100%        4
 Agony                    Necr           0%         N/A       100%        5
 Blade Hands              Tmut           0%         N/A       100%        5
 Fireball                 Conj/Fire      0%         3d3       100%        5
 Irradiate                Conj/Tmut      0%         3d14      100%        5
 Silence                  Hex/Air        0%         N/A       100%        5
 Starburst                Conj/Fire      0%         6d3       100%        6
 Dragon Form              Tmut           0%         N/A       100%        7
 Enfeeble                 Hex            0%         N/A       100%        7
 Summon Hydra             Summ           0%         N/A       100%        7
 Ignition                 Fire           0%         3d3       100%        8


Dungeon Overview and Level Annotations

Branches:
Dungeon (15/15)            Temple (0/1) D:5            Lair (0/6) D:8
    Orc (2/2) D:12            Elf (1/3) Orc:2        Vaults (0/5) D:13
 Depths (0/4) D:15        Ossuary (visited)          Bailey (visited)

Altars:
Ashenzari
Cheibriados
Kikubaaqudgha
Makhleb
Okawaru
Qazlal
Vehumet
Wu Jian
Yredelemnul
Beogh

Shops:
D:2 (   Orc:2 (:[*

Annotations:
D:1 items behind glass wall
Elf:1 Aizul


Innate Abilities, Weirdness & Mutations

You are a tree.
Your roots penetrate the ground, keeping you stationary.
You cannot be teleported.
You are immune to unholy pain and torment.
Your maximum health is greatly increased.
Your equipment is partially melded.
You can walk on water.
((You have very sharp teeth.))


Message History

* * * LOW HITPOINT WARNING * * *
You feel better.
Aizul coils herself and waves her upper body at you.
The bolt of poison hits you!!
You are poisoned.
* * * LOW HITPOINT WARNING * * *
You feel better. Aizul casts a spell at you.
You fall asleep.
Aizul hits you!
You wake up.
* * * LOW HITPOINT WARNING * * *
Okay, then.
Really quaff the potion of lignification?
You turn into a tree.
Your +0 cloak melds into your body.
Your +2 hat melds into your body.
Your +2 pair of gloves of stealth melds into your body.
Your +1 plate armour melds into your body.
You feel less stealthy.
Your roots penetrate the ground.
You block Aizul's attack.
You closely miss Aizul.
Aizul is severely wounded.
You block Aizul's attack. Aizul hits you but does no damage.
You bludgeon Aizul!!
Aizul is almost dead.
Aizul hits you but does no damage.
You miss Aizul.
Aizul is almost dead.
You block Aizul's attack.
You hit Aizul but do no damage.
Aizul is almost dead.
Aizul coils herself and waves her upper body at you.
You block the poison arrow.
Aizul coils herself and waves her upper body at you.
The bolt of poison hits you! You resist.
* * * LOW HITPOINT WARNING * * *
You barely miss Aizul.
Aizul is almost dead.
Aizul coils herself and waves her upper body at you.
The bolt of poison hits you. You resist.
You die...

#.......+ #.......#
.# ##......# .#
#.......# .#
#..)....# .#
#.......# .#
#.......# .#
#.......####.#
#......♣S....####
#.......'..........
##.....#####.......
##...## #######
##.## ###


You could see Aizul.

Vanquished Creatures
  A stone giant (Orc:2)
  A deep elf demonologist (Elf:1)
  2 hydras
  2 vault guards
  A boulder beetle (D:15)
  2 centaur warriors (D:15)
  3 two-headed ogres
  3 deep elf knights (Elf:1)
  A death yak (D:8)
  A golden dragon zombie (D:15)
  2 skeletal warriors (D:15)
  A deep elf archer (Elf:1)
  3 deep elf pyromancers
  5 deep elf zephyrmancers (Elf:1)
  A necromancer (D:15)
  8 ugly things
  3 cyclopes (Orc:2)
  Maggie (D:7)
  A kobold demonologist (D:9)
  An unseen horror (D:11)
  A tarantella (shapeshifter) (Elf:1)
  4 trolls
  Grinder (D:5)
  6 slime creatures
  6 wraiths
  A shadow (D:13)
  12 yaks
  An ettin skeleton (D:15)
  4 wyverns
  Grum (D:9)
  A steam dragon (D:8)
  2 vampire mosquitoes (D:12)
  A warg (D:12)
  4 acid dragons
  3 water moccasins
  8 orc warriors
  An ice beast (D:6)
  A hornet zombie (D:5)
  3 necrophages
  A sky beast (D:5)
  2 ogres
  2 wolves (D:9)
  A boggart (D:11)
  5 centaurs
  4 phantoms
  A bullfrog (D:7)
  6 kobold brigands
  A gnoll sergeant (D:11)
  A scorpion (D:6)
  A wyvern skeleton (D:7)
  10 killer bees (D:10)
  4 wights (D:10)
  6 centaur zombies
  6 hounds
  3 orc priests
  2 jellies
  An iron imp (D:13)
  Jessica (D:2)
  A centaur skeleton (D:7)
  Natasha (twice) (D:2)
  15 orc wizards
  A killer bee zombie (D:9)
  A hound skeleton (D:5)
  10 mummies
  9 gnolls
  11 adders
  2 shadow imps
  2 white imps (D:7)
  An ufetubus (D:7)
  2 adder zombies
  An adder skeleton (D:5)
  2 worms
  5 dart slugs
  22 orcs
  4 bats
  7 endoplasms
  3 giant cockroaches
  2 gnoll zombies (Ossuary)
  12 goblins
  2 hobgoblins (D:4)
  11 ball pythons
  3 frilled lizards
  2 hobgoblin zombies (Ossuary)
  16 kobolds
  3 kobold zombies (Ossuary)
  An orc zombie (Ossuary)
  3 rats
318 creatures vanquished.

Vanquished Creatures (collateral kills)
  Donald (Elf:1)
  A deep elf sorcerer (Elf:1)
  A deep elf annihilator (Elf:1)
  2 ettins (Orc:2)
  Josephine (Orc:2)
  10 vault guards
  A hydra (D:15)
  2 centaur warriors
  A two-headed ogre (D:8)
  A dancing weapon (Elf:1)
  A vampire mage (D:15)
  2 death yaks (D:8)
  A fire crab (shapeshifter) (Elf:1)
  5 skeletal warriors (D:14)
  2 orc knights
  4 deep elf pyromancers
  5 deep elf zephyrmancers (Elf:1)
  A frost giant zombie (D:15)
  7 ugly things
  An orc sorcerer (Orc:1)
  2 manticores
  7 cyclopes
  A centaur zombie (D:10)
  A tengu conjurer (D:15)
  3 trolls
  7 slime creatures
  A wraith (D:11)
  6 yaks
  A spriggan skeleton (D:15)
  A basilisk (D:12)
  A human (D:12)
  2 vampire mosquitoes (D:12)
  2 wargs (Orc:1)
  6 orc warriors
  2 centaurs (D:15)
  3 necrophages (D:10)
  An ogre (Orc:2)
  A gnoll sergeant (D:12)
  2 earth elementals (Elf:1)
  3 orc priests
  An orc wizard (Orc:2)
  A howler monkey zombie (D:9)
  8 gnolls
  10 orcs
  A bush (D:15)
124 creatures vanquished.

Vanquished Creatures (others)
  Urug (D:15)
  An ettin (Orc:2)
  5 orc knights
  An air elemental (Elf:1)
  13 orc warriors
  10 orc priests
  7 orc wizards
  42 orcs
  11 fungi (Orc:2)
  15 plants
  5 withered plants (D:15)
111 creatures vanquished.

Grand Total: 553 creatures vanquished

Notes
Turn   | Place    | Note
-------+----------+-------------------------------------------
     0 | D:1      | sumwun the Hill Orc Fighter began the quest for the Orb.
     0 | D:1      | Reached XP level 1. HP: 19/19 MP: 1/1
   585 | D:1      | Reached XP level 2. HP: 27/27 MP: 2/2
   771 | D:1      | Found a faded altar of an unknown god.
  1037 | D:2      | Noticed Jessica
  1058 | D:2      | Killed Jessica
  1059 | D:2      | Reached XP level 3. HP: 3/33 MP: 3/3
  1359 | D:2      | Found an ornate altar of the Wu Jian Council.
  1607 | D:2      | Found Houmyttu's Antique Weapon Shop.
  1643 | D:2      | Noticed Natasha
  1664 | D:2      | Killed Natasha
  1665 | D:2      | Reached XP level 4. HP: 23/40 MP: 4/4
  1789 | D:2      | Noticed Natasha
  1795 | D:2      | Killed Natasha
  2365 | D:3      | Reached XP level 5. HP: 47/47 MP: 5/5
  3138 | D:3      | Reached skill level 5 in Axes
  3672 | D:4      | Found a broken altar of Ashenzari.
  3773 | D:4      | Identified the +2 scale mail of Claustrophobia {rPois}
  3868 | D:4      | Identified the +10 mace "Yfiso" {vorpal, rElec Str+2}
  3876 | D:4      | Reached skill level 1 in Throwing
  3876 | D:4      | Reached XP level 6. HP: 42/53 MP: 6/6
  4223 | D:4      | Reached skill level 1 in Maces & Flails
  4369 | D:5      | Entered Level 5 of the Dungeon
  4394 | D:5      | Reached skill level 5 in Armour
  4404 | D:5      | Became a worshipper of Beogh the Brigand
  4482 | D:5      | Noticed a sky beast
  4491 | D:5      | Killed a sky beast
  4492 | D:5      | Reached skill level 2 in Maces & Flails
  4492 | D:5      | Reached skill level 1 in Dodging
  4492 | D:5      | Reached XP level 7. HP: 54/60 MP: 7/7
  4546 | D:5      | Reached skill level 5 in Fighting
  4628 | D:5      | Noticed Grinder
  4637 | D:5      | Killed Grinder
  4638 | D:5      | Reached skill level 3 in Maces & Flails
  4768 | D:5      | Reached XP level 8. HP: 68/68 MP: 8/8
  4868 | D:5      | Reached * piety under Beogh
  4904 | D:5      | Reached skill level 4 in Maces & Flails
  5253 | D:5      | Found a burning altar of Makhleb.
  5302 | D:5      | Reached skill level 5 in Maces & Flails
  5303 | D:5      | Found a staircase to the Ecumenical Temple.
  6014 | D:6      | Noticed a wraith
  6033 | D:6      | Killed a wraith
  6034 | D:6      | Reached skill level 6 in Maces & Flails
  6034 | D:6      | Reached XP level 9. HP: 56/74 MP: 9/9
  6307 | D:6      | Found a sand-covered staircase.
  6312 | Ossuary  | Entered an ossuary
  6433 | Ossuary  | Reached ** piety under Beogh
  6649 | D:6      | Reached skill level 5 in Shields
  6871 | D:6      | Reached skill level 7 in Maces & Flails
  7843 | D:7      | Reached skill level 5 in Throwing
  7852 | D:7      | Noticed Maggie
  7891 | D:7      | Killed Maggie
  7892 | D:7      | Reached skill level 8 in Maces & Flails
  8843 | D:8      | Noticed a death yak
  8843 | D:8      | Noticed a death yak
  8926 | D:9      | Found a radiant altar of Vehumet.
  8931 | D:9      | Noticed a two-headed ogre
  8973 | D:9      | Killed a two-headed ogre
  8974 | D:9      | Reached skill level 9 in Maces & Flails
  8974 | D:9      | Reached XP level 10. HP: 83/83 MP: 10/10
  9052 | D:9      | Noticed Grum
  9078 | D:9      | Killed Grum
  9120 | D:9      | Found a flagged portal.
  9130 | Bailey   | Entered a bailey
  9154 | Bailey   | Reached *** piety under Beogh
  9298 | Bailey   | Reached skill level 10 in Maces & Flails
  9588 | Bailey   | Found a burning altar of Makhleb.
  9717 | D:9      | Noticed a two-headed ogre
  9751 | D:8      | HP: 1/83 [two-headed ogre/+0 giant spiked club (24)]
  9757 | D:8      | Killed a two-headed ogre
 10015 | D:9      | Found a stormy altar of Qazlal.
 10128 | D:9      | Noticed a kobold demonologist
 10132 | D:9      | Noticed a rust devil
 10135 | D:9      | Killed a kobold demonologist
 10136 | D:9      | Reached XP level 11. HP: 91/91 MP: 11/11
 10211 | D:9      | Found a basalt altar of Yredelemnul.
 10527 | D:8      | Noticed a two-headed ogre
 10533 | D:8      | Killed a two-headed ogre
 10534 | D:8      | Reached skill level 11 in Maces & Flails
 10638 | D:8      | Noticed a death yak
 10646 | D:8      | Killed a death yak
 10654 | D:8      | Killed a death yak
 10668 | D:8      | Killed a death yak
 10686 | D:8      | Found a staircase to the Lair.
 10877 | D:8      | Reached **** piety under Beogh
 11096 | D:10     | Entered Level 10 of the Dungeon
 11164 | D:10     | Found an iron altar of Okawaru.
 11195 | D:10     | Found a snail-covered altar of Cheibriados.
 11475 | D:10     | Reached skill level 12 in Maces & Flails
 11658 | D:10     | Gained Ugrim as an ally
 12180 | D:11     | Reached ***** piety under Beogh
 12446 | D:11     | Noticed a seven-headed hydra
 12452 | D:11     | Your ally Ugrim died
 12453 | D:11     | Killed a seven-headed hydra
 12454 | D:11     | Reached XP level 12. HP: 101/101 MP: 8/12
 12537 | D:11     | Noticed a five-headed hydra
 13151 | D:12     | Noticed a five-headed hydra
 13161 | D:12     | Killed a five-headed hydra
 13296 | D:11     | Gained mutation: You are robust. (+10% HP) [potion of
                  | mutation]
 13296 | D:11     | Gained mutation: Armour fits poorly on your strangely
                  | shaped body. [potion of mutation]
 13296 | D:11     | Gained mutation: You are strong-willed. (Will+) [potion of
                  | mutation]
 13296 | D:11     | Gained mutation: You have a pair of small horns on your
                  | head. [potion of mutation]
 13570 | D:11     | Noticed a two-headed ogre
 13579 | D:11     | Killed a two-headed ogre
 14210 | D:12     | Reached skill level 1 in Evocations
 14492 | D:12     | Found a staircase to the Orcish Mines.
 14566 | D:12     | Noticed Urug
 14932 | D:13     | Found a gate to the Vaults.
 14932 | D:13     | Noticed a vault guard
 14932 | D:13     | Noticed a vault guard
 14932 | D:13     | Noticed a vault guard
 14932 | D:13     | Noticed a vault guard
 14932 | D:13     | Noticed a vault guard
 14932 | D:13     | Noticed a vault guard
 14932 | D:13     | Noticed a vault guard
 14932 | D:13     | Noticed a vault guard
 14939 | D:13     | Killed a vault guard
 14943 | D:13     | Killed a vault guard
 14944 | D:13     | Reached skill level 1 in Invocations
 14945 | D:13     | Killed a vault guard
 14949 | D:13     | Killed a vault guard
 14950 | D:13     | Killed a vault guard
 14951 | D:13     | Reached skill level 13 in Maces & Flails
 14958 | D:13     | Killed a vault guard
 14959 | D:13     | Killed a vault guard
 14960 | D:13     | Reached skill level 10 in Armour
 14965 | D:13     | Killed a vault guard
 15693 | D:13     | Found a snail-covered altar of Cheibriados.
 15798 | D:13     | Reached XP level 13. HP: 111/121 MP: 14/14
 16546 | D:14     | Reached skill level 10 in Throwing
 17726 | D:14     | Identified the +2 short sword "Zeyzu" {drain, rPois rN+}
 18069 | D:14     | Lost mutation: Armour fits poorly on your strangely shaped
                  | body. [potion of mutation]
 18069 | D:14     | Lost mutation: You are robust. (+10% HP) [potion of
                  | mutation]
 18069 | D:14     | Lost mutation: You are strong-willed. (Will+) [potion of
                  | mutation]
 18069 | D:14     | Gained mutation: You are clumsy. (Dex -2) [potion of
                  | mutation]
 18069 | D:14     | Gained mutation: Your spells are a little harder to cast,
                  | but a little more powerful. [potion of mutation]
 18070 | D:14     | Lost mutation: You are clumsy. (Dex -2) [potion of
                  | mutation]
 18070 | D:14     | Lost mutation: You have a pair of small horns on your head.
                  | [potion of mutation]
 18070 | D:14     | Lost mutation: Your spells are a little harder to cast, but
                  | a little more powerful. [potion of mutation]
 18070 | D:14     | Gained mutation: You have very sharp teeth. [potion of
                  | mutation]
 18070 | D:14     | Gained mutation: You are clumsy. (Dex -2) [potion of
                  | mutation]
 18070 | D:14     | Lost mutation: You are clumsy. (Dex -2) [potion of
                  | mutation]
 18104 | D:15     | Entered Level 15 of the Dungeon
 18446 | D:15     | Found a staircase to the Depths.
 18909 | D:15     | Your ally Urug died
 19287 | D:15     | Found a stormy altar of Qazlal.
 19879 | Orc:1    | Entered Level 1 of the Orcish Mines
 19885 | Orc:1    | Gained Warrok as an ally
 20065 | Orc:2    | Entered Level 2 of the Orcish Mines
 20074 | Orc:2    | Your ally Warrok died
 20083 | Orc:2    | Noticed an ettin
 20089 | Orc:2    | Killed an ettin
 20090 | Orc:2    | Found Xuqoq's Book Boutique.
 20271 | Orc:2    | Found a staircase to the Elven Halls.
 20278 | Orc:2    | Gained Morbeogh as an ally
 20546 | Orc:2    | Noticed Josephine
 20554 | Orc:2    | Gained Rocco as an ally
 20559 | Orc:2    | Your ally Morbeogh died
 20559 | Orc:2    | Killed Josephine
 20560 | Orc:2    | Reached XP level 14. HP: 119/119 MP: 14/16
 20624 | Orc:2    | Found a roughly hewn altar of Beogh.
 20649 | Orc:2    | Found Dyxibass's General Store.
 20649 | Orc:2    | Noticed a stone giant
 20656 | Orc:2    | Your ally Rocco died
 20659 | Orc:2    | Killed a stone giant
 20660 | Orc:2    | Reached skill level 10 in Fighting
 20675 | Orc:2    | Bought a ring of flight for 280 gold pieces
 20675 | Orc:2    | Bought a wand of iceblast (4) for 128 gold pieces
 20675 | Orc:2    | Bought 6 poisoned darts for 38 gold pieces
 20675 | Orc:2    | Bought a potion of curing for 48 gold pieces
 20678 | Orc:2    | Bought a +4 ring of protection for 576 gold pieces
 20820 | Orc:2    | Found Apigan's Antique Armour Shoppe.
 20844 | Orc:2    | Bought a pair of runed gloves for 232 gold pieces
 20991 | Orc:2    | Found Vybelos's Antique Weapon Shoppe.
 21328 | Orc:2    | Gained Dorog as an ally
 21502 | Orc:1    | Reached ****** piety under Beogh
 21790 | Orc:1    | Gained Bladwarg as an ally
 21799 | Orc:1    | Gained Koronagh as an ally
 21800 | Orc:1    | Your ally Bladwarg died
 22143 | Elf:1    | Entered Level 1 of the Elven Halls
 22623 | Elf:1    | Noticed a deep elf annihilator
 22630 | Elf:1    | Killed a deep elf annihilator
 22631 | Elf:1    | Noticed a deep elf sorcerer
 22637 | Elf:1    | Killed a deep elf sorcerer
 22737 | Elf:1    | Your ally Koronagh died
 22742 | Elf:1    | Reached skill level 10 in Shields
 22816 | Elf:1    | Noticed a deep elf demonologist
 22818 | Elf:1    | Noticed a reaper
 22821 | Elf:1    | Killed a deep elf demonologist
 22940 | Elf:1    | Noticed Donald
 22949 | Elf:1    | Killed Donald
 23028 | Elf:1    | Identified the +6 mace of Righteous Fury {speed, *Rage
                  | Int+9 SInv Stlth-}
 23028 | Elf:1    | Noticed a deep elf demonologist
 23029 | Elf:1    | Gained Harm as an ally
 23029 | Elf:1    | Your ally Harm died
 23030 | Elf:1    | Noticed a deep elf demonologist
 23036 | Elf:1    | Noticed a balrug
 23036 | Elf:1    | Your ally Dorog died
 23037 | Elf:1    | Noticed an Executioner
 23039 | Elf:1    | Noticed an Executioner
 23041 | Elf:1    | HP: 3/122 [smoke demon/ball of steam[a deep elf
                  | demonologist] (4)]
 23042 | Elf:1    | Noticed an Executioner
 23584 | Elf:1    | Found an ancient bone altar of Kikubaaqudgha.
 23624 | Elf:1    | Noticed Aizul
 23743 | Elf:1    | HP: 4/122 [Aizul (14)]
 23748 | Elf:1    | HP: 1/183 [Aizul/bolt of poison (7)]
 23749 | Elf:1    | Killed from afar by Aizul

Illustrated notes

Levels and vault maps discovered:
D:1:      tarquinn_simple_flora_water_a, layout_basic,
          ebering_ecumenical_altar_hall, serial_glass, glass_columns_a,
          glass_columns_a, minmay_strange_pillars, due_unseen_surprise
D:2:      layout_loops_ring, serial_shops, shop, basic_altar, uniq_natasha,
          uniq_jessica
D:3:      layout_loops_corners, minmay_snake_closets
D:4:      layout_basic, mainiacjoe_overflow_chevrons,
          amcnicky_mini_rare_corridor_liquid, minmay_bent
D:5:      minmay_skewed_foursquare, layout_basic, bloody_makhleb,
          serial_bayou_crossing, uniq_grinder
D:6:      layout_layer_cave, enter_ossuary_5, chequers_serial_rivers_room_b,
          st_stairs_1
D:7:      layout_cave_pods, uniq_maggie
D:8:      layout_basic, dpeg_lair_monsters
D:9:      kennysheep_ambush_hall, layout_loops_cross, nicolae_vehumet_radiance,
          nicolae_qazlal_scattered_showers, nicolae_overflow_hidden_temple,
          enter_bailey_3, uniq_grum
D:10:     layout_long_grid, lemuel_doored_altar, mainiacjoe_overflow_paths,
          serial_undead, serial_undead_b, serial_undead_a, serial_undead_c,
          serial_undead_b, serial_undead_a, serial_undead_d,
          kennysheep_windowed_goal
D:11:     minmay_bloctagon_deflated, layout_basic
D:12:     layout_loops_ring, erik_orc_4, uniq_urug
D:13:     layout_basic, erik_vaults_2, serial_co_window_serial,
          co_window_corner_a, co_window_corner_a, co_window_paths_a,
          co_window_paths_b, co_window_paths_b, co_window_paths_b,
          co_window_corner_a, co_window_paths_c, co_window_of_opportunity_b,
          co_window_corner_cb, co_window_of_opportunity_b,
          co_window_of_opportunity_b, co_window_corner_b, co_window_paths_e,
          glass_columns_c, glass_columns_a, glass_columns_a, glass_columns_a,
          glass_columns_b, slow_altar_1
D:14:     layout_stronghold, kennysheep_cross_room, grunt_decor_resistance
D:15:     gammafunk_depths_entry_grave, layout_basic, serial_park_gazebo
          [serial_park_minivault_5x5_3], hangedman_decor_riveting,
          amethyst_killhole
Orc:1:    layout_caves
Orc:2:    grunt_orc_gardens, layout_caves, grunt_orc_garden, grunt_orc_garden,
          grunt_orc_garden, grunt_orc_garden, basic_altar, uniq_josephine
Elf:1:    nicolae_elf_arrival_fired_up, layout_gridlike, basic_altar,
          orc_legates, nicolae_elf_vaults_five_recruitment_drive, uniq_donald,
          uniq_aizul

Skill      XL: |  1  2  3  4  5  6  7  8  9 10 11 12 13 14 |
---------------+-------------------------------------------+-----
Axes           | 3 4 5 |  5.0
Fighting       | 4 5 6 8 9 10 | 10.5
Armour         | 4 5 6 7 8 9 10 11 12 | 12.8
Shields        | 4 5 6 7 9 10 | 10.2
Throwing       | 1 2 3 4 5 6 7 9 11 12 | 12.2
Maces & Flails | 2 3 6 9 10 12 13 | 13.7
Dodging        | 1 2 3 4 |  4.7
Evocations     | 1 |  1.5
Invocations    | 2 3 |  3.3

Action                   |  1- 3 |  4- 6 |  7- 9 | 10-12 | 13-15 || total
-------------------------+-------+-------+-------+-------+-------++-------
Melee: War axe           |    59 |    24 |       |       |       ||    83
       Whip              |       |    73 |       |       |       ||    73
       Mace              |       |    21 |   196 |   256 |   252 ||   725
       Headbutt          |       |       |       |    20 |    11 ||    31
       Bite              |       |       |       |       |    31 ||    31
Throw: Stone             |       |     8 |    37 |    13 |       ||    58
       Boomerang         |       |    55 |    23 |   124 |    51 ||   253
       Javelin           |       |    31 |    29 |    29 |    52 ||   141
       Dart              |       |       |     9 |    33 |    36 ||    78
Invok: Convert to Beogh  |       |     1 |       |       |       ||     1
       Give Item to Name |       |       |       |     2 |     4 ||     6
       Smiting           |       |       |       |     2 |     5 ||     7
       Recall Orcish Fol |       |       |       |     3 |     4 ||     7
       Resurrection      |       |       |       |       |     1 ||     1
Evoke: Wand              |       |       |       |     5 |       ||     5
  Use: Scroll            |       |       |     8 |     9 |     3 ||    20
       Potion            |       |       |       |    11 |    14 ||    25
 Stab: Distracted        |       |       |       |     1 |     4 ||     5
       Invisible         |       |       |       |       |     3 ||     3
Armor: Scale mail        |    13 |    31 |   100 |    85 |    40 ||   269
       Plate armour      |    38 |    10 |       |       |    56 ||   104
       Chain mail        |       |    24 |       |       |       ||    24
       Skin              |       |       |       |       |     9 ||     9
Dodge: Dodged            |    20 |    42 |    93 |   172 |    37 ||   364
Block: Buckler           |    10 |    17 |    40 |    56 |       ||   123
       Tower shield      |       |       |       |       |   190 ||   190
